 Dungeon Crawl Stone Soup version 0.30-a0-782-ge64f9170bb (webtiles) character file.

Game seed: 7707523997189702646

845 112233 the Magician (level 8, 0/50 HPs)
             Began as an Octopode Earth Elementalist on Feb 25, 2023.
             Slain by a quokka (4 damage)
             ... on level 5 of the Dungeon.
             The game lasted 00:04:08 (4793 turns).

112233 the Magician (Octopode Earth Elementalist)   Turns: 4793, Time: 00:04:08

Health: 0/50       AC:  1    Str:  7    XL:     8   Next: 0%
Magic:  8/17       EV: 13    Int: 20    God:
Gold:   276        SH:  0    Dex: 12    Spells: 11/19 levels left

rFire   + . .      SeeInvis .    m - +0 quarterstaff
rCold   . . .      Faith    .    (shield currently unavailable)
rNeg    . . .      Spirit   .    (helmet restricted)
rPois   .          Reflect  .    t - amulet of magic regeneration
rElec   .          Harm     .    q - ring of protection from fire
rCorr   .          Rampage  .    (no ring)
Will    .....                    (no ring)
Stlth   +++                      (no ring)
HPRegen 0.28/turn                (no ring)
MPRegen 0.55/turn                (no ring)
                                 (no ring)
                                 (no ring)

@: about to teleport
A: almost no armour, amphibious, 8 rings, camouflage 1, gelatinous body 1,
(nimble swimmer 1), tentacles
a: no special abilities


You were on level 5 of the Dungeon.
You visited 1 branch of the dungeon, and saw 5 of its levels.

You collected 276 gold pieces.

Inventory:

Hand Weapons
 m - a +0 quarterstaff (weapon)
Jewellery
 d - an amulet of reflection
 p - an amulet of regeneration
 q - a ring of protection from fire (left tentacle)
 t - an amulet of magic regeneration (around mantle)
Scrolls
 c - 2 scrolls of amnesia {unknown}
 f - a scroll of noise {unknown}
 g - 2 scrolls of teleportation
 h - a scroll of enchant armour {unknown}
 i - 6 scrolls of identify {unknown}
 k - 5 scrolls of magic mapping {unknown}
 o - a scroll of blinking {unknown}
 r - a scroll of fear {unknown}
 s - a scroll of poison {unknown}
 u - a scroll of brand weapon {unknown}
Potions
 a - a potion of magic
 b - 2 potions of cancellation {unknown}
 e - 5 potions of flight {unknown}
 j - a potion of berserk rage {unknown}
 l - 2 potions of attraction {unknown}
 n - a potion of might {unknown}


   Skills:
 + Level 2.1 Fighting
 + Level 3.1 Dodging
 - Level 2.9 Stealth
 * Level 6.2 Spellcasting
 + Level 2.1 Conjurations
 - Level 1.1 Transmutations
 * Level 4.6 Earth Magic


You had 11 spell levels left.
You knew the following spells:

 Your Spells              Type           Power      Damage    Failure   Level
a - Sandblast             Erth           48%        2d12      1%          1
b - Stone Arrow           Conj/Erth      38%        3d9       8%          3
c - Blink                 Tloc           12%        N/A       16%         2
d - Passwall              Tmut/Erth      14%        N/A       4%          2

Your spell library contained the following spells:

 Spells                   Type           Power      Damage    Failure   Level
 Momentum Strike          Conj/Tloc      20%        3d8       10%         2
 Cigotuvi's Dreadful Rot  Necr/Pois/Air  12%        N/A       16%         2
 Lesser Beckoning         Tloc           12%        N/A       16%         2
 Poisonous Vapours        Pois/Air       12%        N/A       16%         2
 Mephitic Cloud           Conj/Pois/Air  9%         N/A       22%         3
 Petrify                  Tmut/Erth      17%        N/A       30%         4


Dungeon Overview and Level Annotations

Branches:
Dungeon (5/15)
 Temple: D:4-7

Altars:
Cheibriados
Nemelex Xobeh
Qazlal
Sif Muna
The Shining One

Annotations:
D:2 1 runed translucent door, Crazy Yiuf


Innate Abilities, Weirdness & Mutations

You cannot wear most types of armour.
You are amphibious.
You can wear up to eight rings at the same time.
Your skin changes colour to match your surroundings (Stealth+).
Your rubbery body absorbs attacks. (AC +1, EV +1)
((You are camouflaged when in or above water. (Stealth+)))
You have tentacles for arms and can constrict up to eight enemies at once.


Message History

Unknown command.
Casting: Stone Arrow (dangerous; 10% risk of failure)
Confirm with . or Enter, or press ? or * to list all spells.
Aiming: Sandblast (safe; 1% risk of failure)
Press: ? - help, Shift-Dir - straight line, f/p - troll
Aim: a troll (almost dead, 83% to hit)
The blast of sand hits the troll but does no damage.
The troll is almost dead.
The troll bites you! The troll claws you. The troll claws you!
Unknown command.
Unknown command.
Casting: Sandblast (safe; 1% risk of failure)
Confirm with . or Enter, or press ? or * to list all spells.
Aiming: Sandblast (safe; 1% risk of failure)
Press: ? - help, Shift-Dir - straight line, f/p - troll
Aim: a troll (severely wounded, 83% to hit)
The blast of sand hits the troll!
The troll is almost dead.
The troll bites you. The troll closely misses you. The troll claws you!
* * * LOW HITPOINT WARNING * * *
Casting: Sandblast (safe; 1% risk of failure)
Confirm with . or Enter, or press ? or * to list all spells.
Aiming: Stone Arrow (dangerous; 10% risk of failure)
Press: ? - help, Shift-Dir - straight line, f/p - troll
Aim: a troll (almost dead, 68% to hit)
The stone arrow hits the troll!
You kill the troll!
The quokka bites you.
* * * LOW HITPOINT WARNING * * *
Your Fighting skill increases to level 2!
Your Dodging skill increases to level 3!
Your Conjurations skill increases to level 2!
You have reached level 8!
As you read the scroll labelled UNAUDO NITONKE, it crumbles to dust.
You feel strangely unstable.
It was a scroll of teleportation.
The quokka bites you.
* * * LOW HITPOINT WARNING * * *
Unknown command.
The quokka attacks as you move away! The quokka bites you.
You die...

# ##.# #.#.## ###..#
##.## #...## #.##
### ####.#####
####.####.##
.........#
###..##..#.#.#
.........#
##..#.##.#.##.##
..########
##..###.#.#.###.#
.## ##[### #....##
#.# .# #@#.#
##...#.###.. ##
#rr.#.###.#..##.####
#r###.#..#.##.#.##..
#..
#.#.######.##....
..† ..#### ##......
....r.. #.......
##$.r.. #.......
##..r. ##...... ####
#######


You could see 2 river rats and a quokka.

Vanquished Creatures
  A troll (D:5)
  A phantom (D:5)
  A bullfrog (D:5)
  2 scorpions (D:4)
  3 hounds
  2 iguanas (D:4)
  3 gnolls (D:5)
  9 river rats (D:5)
  4 adders
  An ufetubus (D:5)
  2 worms (D:5)
  A dart slug (D:3)
  2 orcs
  4 ball pythons
  4 bats
  3 endoplasms
  4 giant cockroaches
  A goblin (D:4)
  5 hobgoblins
  3 jackals (D:1)
  5 kobolds
  6 quokkas
  5 frilled lizards
  23 rats
95 creatures vanquished.

Notes
Turn   | Place    | Note
-------+----------+-------------------------------------------
     0 | D:1      | 112233 the Octopode Earth Elementalist began the quest for
                  | the Orb.
     0 | D:1      | Reached XP level 1. HP: 11/11 MP: 3/3
   104 | D:2      | Found a runed translucent door.
   105 | D:2      | Noticed Crazy Yiuf
   320 | D:2      | Reached XP level 2. HP: 17/17 MP: 1/5
  1145 | D:1      | Found a faded altar of an unknown god.
  1163 | D:1      | Reached XP level 3. HP: 21/21 MP: 5/7
  1211 | D:1      | Reached skill level 3 in Spellcasting
  1653 | D:3      | Reached XP level 4. HP: 24/27 MP: 5/9
  1786 | D:3      | Found a glowing golden altar of the Shining One.
  2335 | D:4      | Reached skill level 4 in Spellcasting
  2714 | D:4      | Reached XP level 5. HP: 27/31 MP: 7/11
  2734 | D:4      | Reached skill level 5 in Spellcasting
  2738 | D:4      | Learned a level 3 spell: Stone Arrow
  2741 | D:4      | Learned a level 2 spell: Blink
  2963 | D:4      | Reached XP level 6. HP: 17/36 MP: 8/14
  3076 | D:4      | Found a sparkling altar of Nemelex Xobeh.
  3275 | D:5      | Entered Level 5 of the Dungeon
  3518 | D:5      | Reached skill level 1 in Fighting
  3696 | D:5      | Reached skill level 1 in Conjurations
  3747 | D:5      | Reached XP level 7. HP: 43/43 MP: 10/15
  3968 | D:5      | Noticed a troll
  4047 | D:5      | Noticed an air elemental
  4048 | D:5      | Found a stormy altar of Qazlal.
  4050 | D:5      | Noticed a fire elemental
  4051 | D:5      | Noticed a water elemental
  4073 | D:5      | Found a snail-covered altar of Cheibriados.
  4494 | D:5      | Found a shimmering blue altar of Sif Muna.
  4508 | D:5      | Learned a level 2 spell: Passwall
  4701 | D:5      | Reached skill level 6 in Spellcasting
  4791 | D:5      | Killed a troll
  4792 | D:5      | Reached XP level 8. HP: 8/50 MP: 7/17
  4793 | D:5      | Slain by a quokka

Illustrated notes

Levels and vault maps discovered:
D:1:      heliophobic_arrival_ceremonial_halls, layout_rooms,
          shapermc_ecumenical_altar_totnotflames, minmay_misc_feat_cross
D:2:      layout_loops_corners, hangedman_decor_clover_reticule,
          uniq_crazy_yiuf_cottage
D:3:      layout_basic, overflow_temple_1_default, st_stairs_10,
          kennysheep_generic_room_15
D:4:      layout_basic, nemelex_dance_club_becter
D:5:      lemuel_ratsnest, layout_rooms, nicolae_qazlal_style_of_elements,
          mainiacjoe_overflow_catwalk, slow_altar_2

Skill      XL: |  1  2  3  4  5  6  7 |
---------------+----------------------+-----
Spellcasting   | 3 4 5 6 |  6.2
Fighting       | 1 2 |  2.1
Conjurations   | 1 2 |  2.1
Earth Magic    | 4 |  4.6
Dodging        | 3 |  3.1
Stealth        | |  2.9
Transmutations | |  1.1

Action                     |  1- 3 |  4- 6 |  7- 9 || total
---------------------------+-------+-------+-------++-------
  Melee: Tentacles         |     1 |       |     3 ||     4
         Unarmed           |     1 |       |       ||     1
         Quarterstaff      |       |     1 |    15 ||    16
         Constrict         |       |     1 |     4 ||     5
         Punch             |       |       |     1 ||     1
   Cast: Sandblast         |    31 |    72 |    61 ||   164
         Stone Arrow       |       |     1 |     3 ||     4
    Use: Potion            |       |     2 |       ||     2
         Scroll            |       |       |     1 ||     1
   Stab: Distracted        |       |       |     1 ||     1
 Armour: Skin              |     1 |     2 |     1 ||     4
  Dodge: Dodged            |     5 |    32 |    31 ||    68

Table legend: (Time is in decaauts)
 A = Elapsed time spent in this place.
 B = Non-inter-level travel time spent in this place.
 C = Inter-level travel time spent in this place.
 D = Time resting spent in this place.
 E = Time spent auto-exploring this place.
 F = Levels seen in this place.
 G = Mean time per level.
                   A        B        C        D        E       F      G
               +--------+--------+--------+--------+--------+-----+--------+
         Total |   4881 |   4606 |    275 |    586 |   3415 |   5 |  976.2 |
       Dungeon |   4881 |   4606 |    275 |    586 |   3415 |   5 |  976.2 |
               +--------+--------+--------+--------+--------+-----+--------+

Top non-repeatable levels by time:
     D:4: 1675 daAuts
     D:2: 1078 daAuts
     D:5: 1040 daAuts
     D:3: 544 daAuts
     D:1: 543 daAuts
